 Dungeon Crawl Stone Soup version 0.17-a0-1399-gd5b76e1 (webtiles) character file.

11263 ololoev the Basher (level 11, -8/78 HPs)
             Began as a Mummy Skald on June 18, 2015.
             Was a High Priest of Okawaru.
             Killed from afar by WhatIsLove's ghost (16 damage)
             ... with a flame tongue
             ... on level 11 of the Dungeon.
             The game lasted 00:53:49 (12107 turns).

ololoev the Basher (Mummy Skald)                   Turns: 12107, Time: 00:53:50

Health: -8/78      AC: 14    Str: 19    XL:     11   Next: 47%
Magic:  14/14      EV: 11    Int: 13    God:    Okawaru [*****.]
Gold:   333        SH:  0    Dex: 15    Spells: 5 memorised, 6 levels left

rFire  x . .     SeeInvis .     a - +1 dire flail
rCold  + . .     Clarity  .     f - +0 plate armour
rNeg   + + +     SustAt   .     (no shield)
rPois  ∞         Gourm    .     (no helmet)
rElec  .         Spirit   .     t - +1 cloak
rCorr  .         Warding  .     (no gloves)
rMut   .         Stasis   .     (no boots)
MR     +....                    c - amulet of regeneration
Stlth  ..........               r - +3 ring of dexterity
                                h - ring "Nomemp" {EV+3 Int+2}

@: about to teleport, very slightly contaminated, somewhat resistant to hostile
enchantments, extremely unstealthy
A: no food or potions, fire vulnerability, cold resistance 1, negative energy
resistance 3, torment resistance, unbreathing
a: Heroism, Finesse, Renounce Religion


Innate Abilities, Weirdness & Mutations

You do not eat or drink.
Your flesh is vulnerable to fire.
You are immune to poison.
Your flesh is cold resistant.
You are immune to negative energy.
You are immune to unholy pain and torment.
You can survive without breathing.

Inventory:

Hand weapons
 a - a +1 dire flail (weapon)
 b - a +0 blowgun
 n - a +0 morningstar
Missiles
 o - 33 poisoned needles
 q - 6 needles of frenzy
Armour
 f - a +0 plate armour (worn)
 t - a +1 cloak (worn)
 x - a +0 buckler
 y - a troll hide {Snorg}
Jewellery
 c - an amulet of regeneration (around neck)
 h - the ring "Nomemp" (left hand) {EV+3 Int+2}
   (You acquired it on level 9 of the Dungeon)

   [ring of evasion]

   It affects your evasion (+3).
   It affects your intelligence (+2).
 m - an uncursed ring of sustain attributes
 r - a +3 ring of dexterity (right hand)
 v - an uncursed ring of teleportation
Magical devices
 j - a wand of digging (8)
 l - a wand of teleportation (2)
Scrolls
 d - 2 scrolls of fog
 e - 8 scrolls of remove curse
 g - 4 scrolls of fear
 i - 2 scrolls of amnesia
 p - 2 scrolls of magic mapping
 u - a scroll of enchant weapon
 w - 3 scrolls of identify


   Skills:
 + Level 4.4 Fighting
 * Level 11.1 Maces & Flails
 + Level 6.4 Throwing
 - Level 5.6 Armour
 + Level 5.3 Dodging
 - Level 2.0 Spellcasting
 - Level 2.4 Charms


You had 6 spell levels left.
You knew the following spells:

 Your Spells              Type           Power        Failure   Level  Hunger
a - Infusion              Chrm           #.....       100%        1    N/A
b - Song of Slaying       Chrm           #.......     100%        2    N/A
c - Spectral Weapon       Hex/Chrm       #.......     100%        3    N/A
d - Apportation           Tloc           #.........   100%        1    N/A
e - Summon Butterflies    Summ           #.......     100%        1    N/A


You were on level 11 of the Dungeon.
You worshipped Okawaru.
Okawaru was extremely pleased with you.
You were not hungry.

You visited 2 branches of the dungeon, and saw 12 of its levels.

You collected 520 gold pieces.
You spent 187 gold pieces at shops.

.................
.................
.....≈...........
....≈≈≈..........
......≈............
........o.[l........
........YoW..........
.......Z............. ..
##.....@.............# ....
#............≈.......##
.....###...........≈≈≈.......#
.............###....≈.........
.............# #..............
.............###..............
.............Y.Z..............
#......))............?......
#.[..<.<....................

Notes
Turn   | Place    | Note
--------------------------------------------------------------
     0 | D:1      | ololoev the Mummy Skald began the quest for the Orb.
     0 | D:1      | Reached XP level 1. HP: 16/16 MP: 3/3
    35 | D:1      | Reached skill level 1 in Armour
    63 | D:1      | Found a snail-covered altar of Cheibriados.
   267 | D:1      | Reached XP level 2. HP: 17/22 MP: 5/5
   331 | D:1      | Learned a level 2 spell: Song of Slaying
  1126 | D:2      | Reached XP level 3. HP: 13/27 MP: 6/6
  1433 | D:2      | Reached skill level 3 in Maces & Flails
  1453 | D:2      | Reached XP level 4. HP: 24/33 MP: 7/7
  1458 | D:2      | Learned a level 3 spell: Spectral Weapon
  1816 | D:2      | Found a faded altar to an unknown god.
  1885 | D:2      | Became a worshipper of Warmaster Okawaru
  1885 | D:2      | Acquired Okawaru's first power
  2041 | D:2      | Reached XP level 5. HP: 29/38 MP: 8/8
  2863 | D:4      | Reached skill level 4 in Maces & Flails
  3156 | D:4      | Reached XP level 6. HP: 39/44 MP: 9/9
  3550 | D:4      | Found Urogya's Antique Armour Emporium.
  3683 | D:5      | Entered Level 5 of the Dungeon
  3684 | D:5      | Found an iron altar of Okawaru.
  3883 | D:5      | Reached skill level 5 in Maces & Flails
  3890 | D:5      | Reached XP level 7. HP: 46/50 MP: 10/10
  4447 | D:5      | Reached skill level 6 in Maces & Flails
  4718 | D:5      | Reached XP level 8. HP: 50/56 MP: 11/11
  4777 | D:5      | Learned a level 1 spell: Apportation
  4779 | D:5      | Learned a level 1 spell: Summon Butterflies
  4841 | D:6      | Noticed Dowan
  4843 | D:6      | Noticed Duvessa
  4944 | D:6      | Noticed Prince Ribbit
  5176 | D:6      | Killed Duvessa
  5176 | D:6      | Reached skill level 7 in Maces & Flails
  5192 | D:6      | Killed Dowan
  5239 | D:6      | Killed Prince Ribbit
  5239 | D:6      | Reached skill level 5 in Armour
  5522 | D:6      | Noticed Eustachio
  5537 | D:6      | Killed Eustachio
  5955 | D:6      | Found a blossoming altar of Fedhas.
  6192 | D:7      | Reached skill level 8 in Maces & Flails
  6243 | D:7      | Noticed Menkaure
  6256 | D:7      | Killed Menkaure
  6256 | D:7      | Reached XP level 9. HP: 61/61 MP: 9/12
  6280 | D:7      | Found Ycaoveah's Antique Weapon Shop.
  6298 | D:7      | Bought a glowing mace for 102 gold pieces
  6298 | D:7      | Bought a blowgun for 85 gold pieces
  6881 | D:7      | Found a staircase to the Ecumenical Temple.
  6900 | D:7      | Found an ancient bone altar of Kikubaaqudgha.
  6900 | D:7      | Found a bloodstained altar of Trog.
  6929 | Temple   | Entered the Ecumenical Temple
  7273 | D:7      | Noticed Crazy Yiuf
  7294 | D:7      | Killed Crazy Yiuf
  7388 | D:7      | Found a sacrificial altar of Ru.
  7394 | D:7      | Reached skill level 1 in Dodging
  7466 | D:7      | Noticed Joseph
  7555 | D:7      | Reached skill level 1 in Throwing
  7710 | D:7      | Killed Joseph
  7835 | D:7      | Found a shimmering altar of Xom.
  8504 | D:8      | Reached skill level 9 in Maces & Flails
  8522 | D:8      | Found an opulent altar of Gozag.
  8624 | D:8      | Noticed Pikel
  8692 | D:8      | Killed Pikel
  8692 | D:8      | Reached XP level 10. HP: 62/67 MP: 11/13
  8991 | D:9      | Found a staircase to the Orcish Mines.
  9085 | D:9      | Found a roughly hewn altar of Beogh.
  9201 | D:9      | Found Dotot's Jewellery Shoppe.
  9236 | D:9      | Found a glowing silver altar of Zin.
  9332 | D:9      | Noticed PeterLawrence's ghost (experienced GrFi)
  9675 | D:8      | Reached skill level 5 in Throwing
  9731 | D:9      | Identified a scroll of acquirement
  9734 | D:9      | Got a steaming ivory ring
  9736 | D:9      | Identified the ring "Nomemp" {EV+3 Int+2} (You acquired it on level 9 of the Dungeon)
 10042 | D:9      | Reached skill level 10 in Maces & Flails
 10194 | D:9      | Found a basalt altar of Yredelemnul.
 10261 | D:9      | Killed PeterLawrence's ghost
 10471 | D:10     | Entered Level 10 of the Dungeon
 10547 | D:10     | Noticed Erolcha
 10551 | D:10     | Killed Erolcha
 10551 | D:10     | Acquired Okawaru's second power
 10561 | D:10     | Received a gift from Okawaru
 10719 | D:10     | Noticed a hill giant
 10737 | D:10     | Killed a hill giant
 10737 | D:10     | Reached XP level 11. HP: 42/75 MP: 12/14
 10855 | D:10     | Noticed Snorg
 11006 | D:10     | Noticed a hill giant
 11028 | D:10     | Killed a hill giant
 11213 | D:10     | Noticed a hill giant
 11224 | D:10     | Killed a hill giant
 11660 | D:10     | Killed Snorg
 11660 | D:10     | Reached skill level 11 in Maces & Flails
 11660 | D:10     | Reached skill level 5 in Dodging
 11994 | D:11     | Noticed a hill giant
 12006 | D:10     | Killed a hill giant
 12091 | D:11     | Noticed WhatIsLove's ghost (powerful CeFE)
 12098 | D:11     | Noticed Aiteri's ghost (powerful HOFi)
 12107 | D:11     | Killed from afar by WhatIsLove's ghost

Dungeon Overview and Level Annotations

Branches:
Dungeon (11/15)            Temple (1/1) D:7             Orc (0/4) D:9
   Lair: D:8-11

Altars:
Ashenzari
Cheibriados
Dithmenos
Elyvilon
Fedhas
Gozag
Kikubaaqudgha
Makhleb
Nemelex Xobeh
Okawaru
Qazlal
Ru
Sif Muna
Trog
Vehumet
Xom
Yredelemnul
Zin
The Shining One
Beogh

Shops:
D:7 (   D:9 =

Annotations:
D:11 Aiteri's ghost, powerful HOFi; WhatIsLove's ghost, powerful CeFE


Message History

Here: Aiteri's ghost, wielding a weapon of protection The floor.
Unknown command.
Evoke which item? (* to show all) (? for menu, Esc to quit)
Zapping:
l - a wand of teleportation (4)
Press: ? - help, Shift-Dir - straight line, f - you You feel strangely unstable.
This wand has 3 charges left.
The worker ant moves out of view.
A killer bee comes into view.
Drop what? 24/52 slots (_ for help) (? for menu, Esc to quit)
You drop a wand of draining (0).
The killer bee buzzes angrily.
The killer bee moves out of view.
The two-headed ogre zaps a rod.
The worm moves out of view.
A killer bee and a wasp come into view.
Your surroundings suddenly seem different.
The orc hits you with a war axe.
WhatIsLove's ghost hits you but does no damage.
Unknown command.
The orc barely misses you. The orc hits you but does no damage.
The orc barely misses you.
A giant gecko comes into view.
WhatIsLove's ghost whispers, "The ORB doesn't exist."
The ice beast closely misses you. The orc closely misses you.
Read which item? (? for menu, Esc to quit)
Okay, then.
Evoke which item? (* to show all) (? for menu, Esc to quit)
Zapping:
l - a wand of teleportation (3)
Press: ? - help, Shift-Dir - straight line, f - you You feel strangely unstable.
This wand has 2 charges left.
The hound skeleton bites you. The orc hits you with a war axe.
The ice beast hits you but does no damage.
WhatIsLove's ghost hits you but does no damage.
The hound skeleton barely misses you. The orc closely misses you.
Unknown command.
The hound skeleton closely misses you. The ice beast barely misses you.
The hound skeleton closely misses you.
WhatIsLove's ghost gestures at you while chanting.
The flame tongue hits you! The fire burns you terribly!
You die...

You could see an ice beast, WhatIsLove's ghost, 2 orcs, a giant gecko and a hound skeleton.

Vanquished Creatures
  Snorg (D:10)
  Erolcha (D:10)
  Pikel (D:8)
  The ghost of PeterLawrence the Basher, an experienced GrFi of Okawaru (D:9)
  4 hill giants (D:10)
  Joseph (D:7)
  A troll (D:10)
  Prince Ribbit (D:6)
  A water elemental (D:11)
  2 hippogriffs
  Eustachio (D:6)
  2 hungry ghosts
  Menkaure (D:7)
  A water moccasin (D:8)
  3 orc warriors
  Duvessa (D:6)
  A sky beast (D:9)
  4 ice beasts
  An eye of draining (D:9)
  5 ogres
  2 centaurs
  A crocodile (D:8)
  4 big kobolds
  3 giant frogs
  Dowan (D:6)
  2 scorpions
  7 wights
  15 killer bees
  5 crimson imps
  A centaur zombie (D:8)
  A wasp zombie (D:8)
  5 hounds
  4 orc priests
  A jelly (D:9)
  Crazy Yiuf (D:7)
  3 giant frog skeletons
  A gnoll shaman (D:5)
  12 orc wizards
  8 worker ants
  3 iguanas
  A quasit (D:5)
  A hound skeleton (D:6)
  9 gnolls
  16 adders
  2 shadow imps
  An adder zombie (D:7)
  3 worms (D:2)
  2 adder skeletons
  3 giant geckos
  30 orcs
  A ball python (D:1)
  15 bats
  2 bat skeletons (D:7)
  4 giant cockroaches
  14 goblins
  8 hobgoblins
  16 jackals
  28 kobolds
  4 quokkas
  11 giant newts
  A quokka skeleton (D:7)
  8 rats
294 creatures vanquished.

Vanquished Creatures (collateral kills)
  3 slaves (D:8)
  A giant frog (D:8)
  A killer bee (D:8)
  An orc priest (D:9)
  5 orcs (D:9)
  A rat (D:8)
12 creatures vanquished.

Vanquished Creatures (others)
  A slave (D:8)
  An orc priest (D:9)
2 creatures vanquished.

Grand Total: 308 creatures vanquished

Action                   |  1- 3 |  4- 6 |  7- 9 | 10-12 || total
-------------------------+-------+-------+-------+-------++-------
Melee: Mace              |   166 |    47 |       |       ||   213
       Flail             |       |    95 |       |       ||    95
       Dire flail        |       |   122 |   583 |   558 ||  1263
 Fire: Blowgun           |       |       |    55 |    22 ||    77
Invok: Heroism           |       |       |    11 |    12 ||    23
Evoke: Wand              |       |       |     2 |    34 ||    36
  Use: Scroll            |     3 |     6 |     6 |     8 ||    23
 Stab: Confused          |       |       |     2 |       ||     2
       Paralysed         |       |       |     1 |       ||     1

Vault maps used:
D:1:      elethiomel_arrival_quiet, st_stairs_10, cheibriados_altar_1
D:2:      ecumenical_altar_1, kennysheep_generic_room_2
D:3:      first_bread
D:4:      serial_shops, shop
D:5:      okawaru_ov_weapons_minmay
D:6:      fedhas_altar_fruit_tree, uniq_prince_ribbit1, uniq_eustachio,
          uniq_duvessa
D:7:      amethyst_overflow_temple_binary, nicolae_ru_great_annihilating_truth,
          nicolae_overflow_hidden_temple, minmay_temple_entry_crystal_x,
          serial_shops, shop, uniq_crazy_yiuf_cottage, uniq_joseph,
          uniq_menkaure
D:8:      basic_altar, uniq_pikel
D:9:      zin_statuary, kennysheep_little_box, minmay_orc_entry_temple_small,
          serial_shops, shop
D:10:     serial_corexii_hall, corexii_hall_statues_x, corexii_hall_statues_u,
          uniq_erolcha, uniq_snorg
D:11:     dpeg_oklobed_lair, blue_anna_alchemist, lightli_swarmer
Temple:   oiseaux_autumnal_temple_12
